[Event "Bangabandhu Premier Div League 2023-24"]
[Site "Dhaka"]
[Date "2024.02.06"]
[Round "6.11"]
[White "Mohammad Nubairshah Shaikh"]
[Black "Harikrishnan.A.Ra"]
[Result "1/2-1/2"]
[ECO "D11"]
[WhiteElo "2428"]
[BlackElo "2454"]
[Annotator "RC"]
[PlyCount "144"]
[EventDate "2024.02.01"]
[EventCountry "BAN"]
[SourceTitle "playchess.com"]
[Source "ChessBase"]
[SourceQuality "1"]
[TimeControl "40/5400+30:1800+30"]

1. Nf3 d5 2. d4 Nf6 3. c4 c6 4. g3 Bf5 5. Nc3 e6 6. Nh4 Be4 7. f3 Bg6 8. Qb3 Qb6 9. Nxg6 hxg6 10. Be3 dxc4 11. Qxc4 Bd6 12. Bf2 Qxb2 13. Rb1 Qc2 14. e4 b5 15. Qd3 Qxd3 16. Bxd3 e5 17. f4 exf4 18. e5 fxg3 19. Bxg3 Bc7 20. O-O Nh5 21. Nxb5 cxb5 22. Bxb5+ Ke7 23. Bh4+ f6 24. Rbe1 Kd8 25. exf6 gxf6 26. Rxf6 Bxh2+ 27. Kg2 Nxf6 28. Bxf6+ Kc7 29. Bxh8 Nd7 30. Bg7 Bd6 31. Rc1+ Kd8 32. Bh6 Rb8 33. a4 Rb6 34. Re1 Be7 35. Bd2 a6 36. Ba5 axb5 37. axb5 Bb4 38. Bxb6+ Nxb6 39. Re6 Nd5 40. Kf3 g5 41. Re5 Nc3 42. Rxg5 Kc7 43. Ke3 Kb6 44. Kd3 Nxb5 45. Kc4 Nxd4 46. Kxb4 Kc6 47. Kc4 Ne6 48. Rd5 Nc7 49. Ra5 Kd6 50. Ra1 Ne6 51. Ra7 Nc7 52. Ra5 Ne6 53. Rf5 Nc7 54. Kd3 Ne6 55. Ke3 Nc5 56. Rh5 Ne6 57. Ke4 Nc5+ 58. Kf5 Kd5 59. Rh1 Nd3 60. Rh8 Kd4 61. Re8 Nc5 62. Rd8+ Ke3 63. Ke5 Nd3+ 64. Kd5 Nf4+ 65. Kc4 Ke4 66. Re8+ Kf5 67. Kc5 Ne6+ 68. Kd6 Nf4 69. Re3 Kf6 70. Re5 Ng6 71. Ra5 Nf4 72. Kd7 Ng6 1/2-1/2

[Event "Bangabandhu Premier Div League 2023-24"]
[Site "Dhaka"]
[Date "2024.02.06"]
[Round "6.12"]
[White "Asif, Mahmud"]
[Black "Subrota, Biswas"]
[Result "0-1"]
[ECO "A58"]
[WhiteElo "1906"]
[BlackElo "2223"]
[Annotator "RC"]
[PlyCount "190"]
[EventDate "2024.02.01"]
[EventCountry "BAN"]
[SourceTitle "playchess.com"]
[Source "ChessBase"]
[SourceQuality "1"]
[TimeControl "40/5400+30:1800+30"]

1. d4 Nf6 2. Nf3 g6 3. c4 Bg7 4. g3 O-O 5. Bg2 c5 6. d5 d6 7. O-O b5 8. cxb5 a6 9. Nc3 axb5 10. Nxb5 Ba6 11. Nc3 Nbd7 12. Re1 Qb6 13. h3 Rfb8 14. e4 Ne8 15. a4 Nc7 16. Ra3 Bc4 17. Nd2 Bd3 18. Bf1 Bxf1 19. Kxf1 Ne5 20. Qe2 Qa6 21. Nb5 Nxb5 22. axb5 Qc8 23. Kg2 c4 24. Rxa8 Rxa8 25. Nf3 Nd3 26. Rd1 Qb7 27. Ne1 Nxe1+ 28. Rxe1 Qxb5 29. Bg5 e6 30. dxe6 Qxg5 31. exf7+ Kf8 32. Qxc4 Qc5 33. Qe6 Bxb2 34. Rb1 Qe5 35. Qxe5 Bxe5 36. f4 Ra2+ 37. Kf3 Ra3+ 38. Kg2 Bf6 39. Rb7 Be7 40. h4 Kxf7 41. h5 gxh5 42. e5 dxe5 43. fxe5 Ra5 44. e6+ Kxe6 45. Rb6+ Kf7 46. Rh6 Kg7 47. Re6 Ra2+ 48. Kh3 Bf6 49. Re3 Bg5 50. Rb3 Ra4 51. Rf3 Kg6 52. Rb3 h6 53. Rf3 Bf6 54. Rb3 Rc4 55. Rf3 Be5 56. Rb3 Kf5 57. Rf3+ Kg5 58. Re3 Bc7 59. Rf3 Rc2 60. Rb3 Re2 61. Rd3 Be5 62. Rd8 Kg6 63. Rd3 Rf2 64. Ra3 Rd2 65. Re3 Kf5 66. Rf3+ Ke6 67. Ra3 Rf2 68. Ra8 Rd2 69. Ra3 Kf6 70. Ra6+ Kg5 71. Ra8 Rd4 72. Rg8+ Kf5 73. Rf8+ Bf6 74. Ra8 Re4 75. Ra5+ Kg6 76. Ra6 h4 77. gxh4 h5 78. Ra3 Rxh4+ 79. Kg3 Rg4+ 80. Kh3 Kf5 81. Rf3+ Kg5 82. Rf1 Rh4+ 83. Kg2 Ra4 84. Rf3 Be5 85. Rf8 Ra2+ 86. Rf2 Ra7 87. Re2 Bf4 88. Rb2 Kg4 89. Rf2 h4 90. Rf1 Ra2+ 91. Kh1 Kh3 92. Rf3+ Bg3 93. Rf1 Rb2 94. Kg1 Rg2+ 95. Kh1 Bf2 0-1

[Event "Bangabandhu Premier Div League 2023-24"]
[Site "Dhaka"]
[Date "2024.02.07"]
[Round "7.1"]
[White "Alekhya Mukhopadhyay"]
[Black "Mohammad Minhaz Uddin"]
[Result "0-1"]
[ECO "C42"]
[WhiteElo "2184"]
[BlackElo "2224"]
[Annotator "RC"]
[PlyCount "151"]
[EventDate "2024.02.01"]
[EventCountry "BAN"]
[SourceTitle "playchess.com"]
[Source "ChessBase"]
[SourceQuality "1"]
[TimeControl "40/5400+30:1800+30"]

1. e4 e5 2. Nf3 Nf6 3. Nxe5 d6 4. Nf3 Nxe4 5. d4 d5 6. Bd3 Nc6 7. O-O Be7 8. c4 Nb4 9. Be2 O-O 10. Nc3 Bf5 11. a3 Nxc3 12. bxc3 Nc6 13. Re1 Re8 14. cxd5 Qxd5 15. Bf4 Rac8 16. h3 Bd6 17. c4 Qe4 18. Be3 Qc2 19. c5 Be7 20. d5 Nb8 21. g4 Bg6 22. d6 cxd6 23. cxd6 Bf6 24. Rc1 Qxd1 25. Rcxd1 Red8 26. Bxa7 Bc3 27. Rf1 Nd7 28. Nd4 Ra8 29. Nb5 Bb2 30. Bf3 Bc2 31. Rd2 Ba4 32. Rxb2 Bxb5 33. Rxb5 Rxa7 34. Ra1 b6 35. Bc6 Ra6 36. Re1 Kf8 37. Rb3 g5 38. Rf3 Ra5 39. Rfe3 Rc5 40. Bg2 Nf6 41. Rd1 Nd7 42. Re7 Re5 43. Rxe5 Nxe5 44. Rd4 Ke8 45. Be4 h6 46. Kf1 Rc8 47. Rd5 Nd7 48. Ke2 Nf6 49. Bf5 Rc2+ 50. Rd2 Rxd2+ 51. Kxd2 Kd8 52. Kc3 Ne8 53. d7 Nd6 54. Kd4 Nxf5+ 55. gxf5 Kxd7 56. Ke5 Ke7 57. Kd5 Kd7 58. Ke5 Ke7 59. f6+ Kd7 60. Kd5 Kc7 61. Ke5 Kd7 62. f3 Kc6 63. f4 gxf4 64. Kxf4 Kd5 65. Kg4 Ke5 66. Kh5 Kxf6 67. Kxh6 Ke5 68. h4 f5 69. Kg6 f4 70. h5 f3 71. h6 f2 72. h7 f1=Q 73. h8=Q+ Kd6 74. Qd8+ Kc6 75. Qe8+ Kc5 76. Qe5+ 0-1

[Event "Bangabandhu Premier Div League 2023-24"]
[Site "Dhaka"]
[Date "2024.02.07"]
[Round "7.1"]
[White "Islam, M.M. Zahirul"]
[Black "Zia, Tahsin Tajwar"]
[Result "1-0"]
[ECO "D24"]
[WhiteElo "1876"]
[BlackElo "2275"]
[Annotator "RC"]
[PlyCount "171"]
[EventDate "2024.02.01"]
[EventCountry "BAN"]
[SourceTitle "playchess.com"]
[Source "ChessBase"]
[SourceQuality "1"]
[TimeControl "40/5400+30:1800+30"]

1. d4 d5 2. c4 e6 3. Nc3 a6 4. Nf3 Nf6 5. Bg5 dxc4 6. a4 Bb4 7. e3 c5 8. Bxc4 Qa5 9. Bxf6 Bxc3+ 10. bxc3 Qxc3+ 11. Nd2 gxf6 12. Be2 Nd7 13. O-O O-O 14. Ne4 Qa5 15. dxc5 f5 16. c6 bxc6 17. Nd6 Rd8 18. Qc2 Qc5 19. Nc4 a5 20. Rac1 Ba6 21. Qa2 Nf6 22. Qb2 Nd5 23. Ne5 Qb4 24. Qc2 Qd6 25. Nc4 Bxc4 26. Qxc4 Rdc8 27. Rfd1 Qb4 28. Qc2 Rab8 29. Ba6 Rd8 30. Qxc6 Rd6 31. Qc4 Rbd8 32. g3 Qb6 33. Bb5 Nb4 34. Rxd6 Qxd6 35. h4 Qd2 36. Qc7 Na2 37. Rc2 Qe1+ 38. Kh2 Rd1 39. Qb8+ Kg7 40. Qe5+ Kg6 41. h5+ Kxh5 42. Be2+ Kg6 43. Bxd1 Nb4 44. g4 Qxd1 45. gxf5+ exf5 46. Rc8 Qh5+ 47. Kg2 Qg4+ 48. Qg3 Kf6 49. f3 Qxg3+ 50. Kxg3 Nd5 51. Kf2 f4 52. Rc6+ Ke7 53. e4 Nb4 54. Rc7+ Ke6 55. Ra7 Nc6 56. Rc7 Ne5 57. Ra7 Nc6 58. Ra8 Kd6 59. Rh8 Ne5 60. Rxh7 Ke6 61. Rh8 Nd3+ 62. Ke2 Nc5 63. Ra8 Nxa4 64. Rxa5 Nb2 65. Rc5 Kd6 66. Rf5 Ke6 67. Rxf4 Nc4 68. Rh4 Nd6 69. Kd3 f6 70. Rh8 Nf7 71. Ra8 Ne5+ 72. Ke2 Ng6 73. Ke3 Ne5 74. Ra4 Nf7 75. f4 Nd6 76. Rb4 Ke7 77. Kd4 f5 78. e5 Ne4 79. Rb7+ Ke6 80. Rb6+ Ke7 81. Rc6 Ng3 82. Rf6 Ne2+ 83. Ke3 Nc3 84. Rxf5 Nd5+ 85. Kd4 Ke6 86. Rf8 1-0

[Event "Bangabandhu Premier Div League 2023-24"]
[Site "Dhaka"]
[Date "2024.02.07"]
[Round "7.2"]
[White "Puranik, Abhimanyu"]
[Black "Rahman, Syed Mahfuzur"]
[Result "1-0"]
[ECO "A20"]
[WhiteElo "2645"]
[BlackElo "2087"]
[Annotator "TA"]
[PlyCount "67"]
[EventDate "2024.02.01"]
[EventCountry "BAN"]
[SourceTitle "playchess.com"]
[Source "ChessBase"]
[SourceQuality "1"]
[TimeControl "40/5400+30:1800+30"]

1. c4 e5 2. g3 Nf6 3. Bg2 d5 4. cxd5 Nxd5 5. Nf3 Nc6 6. O-O Nb6 7. b3 Be7 8. Bb2 Bf6 {[%emt 0:01:00] [#] aiming for ...e4.} 9. Nc3 {[%emt 0:00:30] White is slightly better.} e4 10. Ne1 Bf5 11. d3 (11. Bxe4 $2 Bxe4 12. Nc2 Bg6 $19) 11... exd3 12. e4 Bc8 13. Nxd3 O-O 14. Re1 Bd4 15. Qc2 Bg4 16. h3 Be6 17. Rad1 Qg5 18. Kh2 Rad8 19. f4 Qh6 20. f5 Bc8 (20... Bd7 $16 {is a better defense.} 21. Bc1 Qd6) 21. Nd5 (21. Bc1 $18 {is more deadly.} Qf6 22. Nb5) 21... Bxb2 $16 22. Qxb2 Nxd5 23. exd5 Nb8 24. Ne5 (24. Qe5 $14) 24... Bxf5 $11 25. Qf2 $36 {[%emt 0:00:00][%csl LRa7,LRf5][%mdl 2048] White has good play.} Bc8 26. Qxa7 {[%emt 0:00:00] Black is weak on the light squares} Nd7 27. Qd4 (27. Qe3 {simplifies} Qxe3 28. Rxe3 Nf6 29. Nc4) 27... Nf6 ({Black should try} 27... Rfe8 $11) 28. Qc4 {[%emt 0:00:00] White is more active.} Rfe8 $2 {[%emt 0:00:00][%mdl 8192] This move loses the game for Black.} (28... Ne8 $14) 29. Qxc7 $18 (29. Nxf7 Kxf7 30. d6+ Kf8 31. dxc7 Rxd1 32. Qc5+ Rd6 33. Qxd6+ Kf7 $17) 29... Qh5 30. d6 h6 31. d7 {[%emt 0:00:00] White is clearly winning.} (31. Bxb7 $2 {loses.} Qxh3+ (31... Bxb7 $2 32. g4 $19) 32. Kg1 Bxb7 (32... Qxg3+ $2 33. Bg2 $19) 33. Qxf7+ Kh8 34. Qxb7 Rxe5 (34... Qxg3+ 35. Qg2 $11) 35. Rxe5 Qxg3+ 36. Qg2 Qxe5 $19) 31... Bxd7 (31... Rxd7 $142 32. Nxd7 Bxd7 33. Rxe8+ (33. Bxb7 Re2+ 34. Kg1 Rxa2 $16) (33. Qxb7 Ng4+ 34. Kg1 Qc5+ 35. Kh1 Nf2+ 36. Kh2 Nxd1 $14) 33... Bxe8) 32. Nxd7 Ng4+ 33. Kg1 Ne3 {[%emt 0:00:28] [#]} 34. Nf6+ $1 {[%emt 0:02:00][%mdl 512] Weighted Error Value: White=0.11 (very precise) /Black=0.41.  Loses game:     	---       	Black=1      Mistake:       	White=2     	Black=3      Inaccurate:     	White=1     	Black=3      OK:         	White=15    	Black=7      Best:        	White=3     	Black=4} 1-0

[Event "Bangabandhu Premier Div League 2023-24"]
[Site "Dhaka"]
[Date "2024.02.07"]
[Round "7.2"]
[White "Ahmed, Sheikh Nasir"]
[Black "Hasan Md, Emam"]
[Result "1-0"]
[ECO "A29"]
[WhiteElo "2182"]
[BlackElo "2053"]
[Annotator "RC"]
[PlyCount "155"]
[EventDate "2024.02.01"]
[EventCountry "BAN"]
[SourceTitle "playchess.com"]
[Source "ChessBase"]
[SourceQuality "1"]
[TimeControl "40/5400+30:1800+30"]

1. c4 e5 2. g3 Nc6 3. Bg2 Nf6 4. Nc3 d6 5. d3 Be7 6. Nf3 O-O 7. O-O h6 8. Rb1 Be6 9. b3 Qd7 10. Re1 Rad8 11. Bb2 Bh3 12. Bh1 Ng4 13. Nd5 Rfe8 14. b4 Bf8 15. e4 Ne7 16. Nxe7+ Qxe7 17. d4 Qf6 18. d5 g5 19. Qc2 c6 20. Bg2 Bxg2 21. Kxg2 Qg6 22. dxc6 bxc6 23. h3 Nf6 24. c5 Nd7 25. cxd6 Qxd6 26. a3 Qe6 27. Rbc1 Rc8 28. Red1 f6 29. Nd2 c5 30. b5 a6 31. bxa6 Qxa6 32. Nc4 Qe6 33. Ne3 Nb6 34. Bc3 Ra8 35. Ra1 Nc4 36. Nxc4 Qxc4 37. a4 Reb8 38. a5 Rb3 39. Rdc1 Qb5 40. Be1 Be7 41. Qc4+ Qxc4 42. Rxc4 Ra6 43. Bd2 Rb5 44. Ra3 Kf7 45. Rd3 Ke6 46. h4 Rb1 47. h5 Bd6 48. Kf3 Rb5 49. Ke2 Bc7 50. Ra3 Kd6 51. Kd1 Kc6 52. Rca4 Bd6 53. Rf3 Be7 54. Kc2 Bd8 55. Rfa3 Be7 56. Rd3 Bd6 57. Rda3 Bc7 58. Ra2 Bd8 59. Kd3 Kd6 60. Kc4 Kc6 61. Bc3 Bc7 62. Ra1 Bd6 63. Rd1 Bc7 64. Rd5 Bb8 65. Rd8 Rb1 66. Rh8 Ra7 67. Rxh6 Rf7 68. a6 Ba7 69. Bxe5 Re1 70. f3 g4 71. Bxf6 Kd7 72. fxg4 Rxe4+ 73. Kb5 Re3 74. g5 Rxg3 75. Rf4 Rb3+ 76. Ka4 Rb6 77. Ka5 Re6 78. g6 1-0

[Event "Bangabandhu Premier Div League 2023-24"]
[Site "Dhaka"]
[Date "2024.02.07"]
[Round "7.3"]
[White "Hasan, Sk. Rashedul"]
[Black "Ter-Sahakyan, Samvel"]
[Result "0-1"]
[ECO "B23"]
[WhiteElo "1807"]
[BlackElo "2649"]
[Annotator "TA"]
[PlyCount "72"]
[EventDate "2024.02.01"]
[EventCountry "BAN"]
[SourceTitle "playchess.com"]
[Source "ChessBase"]
[SourceQuality "1"]
[TimeControl "40/5400+30:1800+30"]

1. e4 c5 2. Nc3 d6 3. f4 g6 4. Nf3 Bg7 5. Bb5+ Bd7 6. Bc4 Nc6 7. a3 e6 8. O-O {[%emt 0:00:12] The position is equal.} Nge7 9. Qe1 O-O 10. d3 Nd4 11. Nxd4 cxd4 12. Ne2 Ba4 13. c3 (13. f5 $1 $11 exf5 (13... gxf5 14. Bg5 $11) 14. Bg5) 13... d5 14. Ba2 Bb5 {[%emt 0:00:30] aiming for ...dxe4.} 15. c4 dxc4 {[%emt 0:00:00] White is on the road to losing.} 16. dxc4 Ba6 17. Bd2 (17. Ng3 $15) 17... d3 $36 {[%emt 0:00:30][%csl LRb2,LRe2][%mdl 2048] Black has strong initiative.} 18. Nc1 {[%emt 0:00:30] [#]} Bxc4 $1 {[%emt 0:00:00][%mdl 512] Black has more active pieces.} 19. Bxc4 {[%emt 0:00:00][%cal Of1f2] Threatens to win with Rf2!} Qd4+ ({And not} 19... Bxb2 20. Rb1 $16) 20. Kh1 Qxc4 21. Rb1 {[%emt 0:00:00] White is weak on the light squares} (21. Bb4 $17) 21... Rfd8 $19 22. Rf3 Nc6 23. f5 $2 (23. e5) 23... exf5 24. exf5 Re8 {[%emt 0:01:00] Wards off f6} 25. Qf1 (25. Qd1 $142) 25... Ne5 {[%emt 0:00:30] Black is clearly winning.} 26. Rf2 (26. Rg3 $142 Qc2 27. Nxd3 Qxd2 28. Rd1) 26... Qc2 27. Na2 Ng4 28. Rf4 Qxd2 29. Rxg4 Re3 {[%emt 0:00:30] [#] ...Rae8 would now be deadly.} 30. Rf4 Rae8 {[%emt 0:00:00] ...Re1 is the strong threat.} 31. Rf2 Re2 32. Rxe2 dxe2 33. Qe1 Qxe1+ (33... Rd8 $142 34. Qg1 Qd1 (34... Bxb2 $2 35. Nb4 $19) 35. h4 Qxb1 (35... gxf5 $2 36. Kh2 $19) 36. Qxb1 Rd1+ 37. Qxd1 exd1=Q+ 38. Kh2 Be5+ (38... Bxb2 {gets mated.} 39. fxg6 Be5+ 40. g3 Qe2+ 41. Kh3 Qf2 42. gxh7+ Kxh7 43. Kg4 Qxg3+ 44. Kh5 Qg6#) 39. g3 Qc2+ (39... Bxb2 {is a self mate.} 40. fxg6 Qe2+ 41. Kh3 hxg6 42. Nc3 Bxc3 43. h5 Qf1+ 44. Kh2 gxh5 45. a4 Ba5 46. g4 Bc7#) 40. Kg1 Bxg3 41. f6 Qh2+ 42. Kf1 Qf2#) 34. Rxe1 Rd8 {[%emt 0:00:00] ( -> ...Rd1)} 35. Kg1 Bd4+ (35... gxf5 $2 36. Rxe2 Rd1+ 37. Kf2 $19) 36. Kh1 Bf2 {[%emt 0:00:00] Weighted Error Value: White=0.99/Black=0.25 (precise) .  Mistake:       	White=6     	---        Inaccurate:     	White=1     	Black=1      OK:         	White=6     	Black=11     Best:        	---       	Black=2} 0-1

[Event "Bangabandhu Premier Div League 2023-24"]
[Site "Dhaka"]
[Date "2024.02.07"]
[Round "7.4"]
[White "Rahman, Ziaur"]
[Black "Abdullah Al, Raison"]
[Result "1-0"]
[ECO "A39"]
[WhiteElo "2428"]
[BlackElo "1839"]
[Annotator "TA"]
[PlyCount "74"]
[EventDate "2024.02.01"]
[EventCountry "BAN"]
[SourceTitle "playchess.com"]
[Source "ChessBase"]
[SourceQuality "1"]
[TimeControl "40/5400+30:1800+30"]

1. Nf3 Nf6 2. c4 c5 3. Nc3 Nc6 4. g3 g6 5. Bg2 Bg7 6. O-O O-O 7. d4 cxd4 8. Nxd4 Qa5 9. e3 Qh5 (9... d6 $14) 10. Qxh5 Nxh5 11. Nd5 {[%emt 0:01:00] White is more active.} e6 {[%emt 0:01:00] White has an edge.} 12. Nxc6 dxc6 13. Ne7+ Kh8 14. Rd1 {[%emt 0:01:00] Repels Bd7} Bf6 15. Nxc8 Raxc8 16. Rb1 Rfd8 17. Rd2 Kg8 18. Kf1 Ng7 19. Ke2 h5 20. b4 Rxd2+ 21. Bxd2 Nf5 22. c5 a6 23. h3 Kg7 24. a4 Ne7 25. Rb3 Nd5 26. Rd3 Rd8 27. h4 Nc7 28. Rxd8 Bxd8 $14 {[%emt 0:00:00][%mdl 4096] Endgame. KBB-KBN} 29. e4 (29. Kd3 $14) 29... f5 (29... a5 $11) 30. Kd3 Kf7 31. Kc4 Ke8 32. Bf4 Kd7 33. Be5 Be7 34. Bf3 Bd8 35. Be2 (35. Bc3 $14) 35... Be7 (35... fxe4 $11 36. Bxc7 Kxc7) 36. Kd4 Bd8 (36... fxe4 $11 37. Bxc7 (37. Kxe4 Nd5 $15) 37... Kxc7) 37. Ke3 (37. Bd3 $14) 37... Ne8 {[%emt 0:00:00] Weighted Error Value: White=0.17 (very precise) /Black=0.21 (precise) .  Mistake:       	White=3     	Black=4      Inaccurate:     	White=4     	Black=3      OK:         	White=7     	Black=1} (37... fxe4 $11 38. Kxe4 Nd5) 1-0

[Event "Bangabandhu Premier Div League 2023-24"]
[Site "Dhaka"]
[Date "2024.02.07"]
[Round "7.4"]
[White "Manon, Reja Neer"]
[Black "Muhimenul, Islam"]
[Result "1-0"]
[ECO "C02"]
[WhiteElo "2169"]
[BlackElo "1970"]
[Annotator "RC"]
[PlyCount "92"]
[EventDate "2024.02.01"]
[EventCountry "BAN"]
[SourceTitle "playchess.com"]
[Source "ChessBase"]
[SourceQuality "1"]
[TimeControl "40/5400+30:1800+30"]

1. e4 e6 2. d4 d5 3. e5 c5 4. c3 Nc6 5. Nf3 Qb6 6. a3 c4 7. Nbd2 Na5 8. Rb1 Bd7 9. h4 Rc8 10. h5 h6 11. Be2 Ne7 12. g3 Nb3 13. Nxb3 Ba4 14. Be3 Nc6 15. Nfd2 Na5 16. Nxa5 Bxd1 17. Naxc4 dxc4 18. Bxd1 Qc6 19. Rh4 b5 20. Bf3 Qc7 21. Rg4 Rd8 22. Bf4 a6 23. Nf1 Qb6 24. Ne3 Rd7 25. Kf1 Kd8 26. Kg2 Qa5 27. Bd1 Qb6 28. Be2 Rh7 29. Bf3 Rh8 30. a4 bxa4 31. Nxc4 Qb5 32. Nd2 Qd3 33. Be3 f6 34. Rg6 Be7 35. Be4 Qe2 36. Nf3 Kc7 37. Rxg7 f5 38. Bxf5 exf5 39. e6 Qc2 40. Re1 Re8 41. exd7 Kxd7 42. Bxh6 Qxb2 43. Bg5 a3 44. Bxe7 Rxe7 45. Re3 Kd6 46. Rexe7 Kd5 1-0

[Event "Bangabandhu Premier Div League 2023-24"]
[Site "Dhaka"]
[Date "2024.02.07"]
[Round "7.5"]
[White "Rathanvel, V S"]
[Black "Swarnavo Choudhury"]
[Result "1-0"]
[ECO "B40"]
[WhiteElo "2474"]
[BlackElo "2056"]
[Annotator "TA"]
[PlyCount "119"]
[EventDate "2024.02.01"]
[EventCountry "BAN"]
[SourceTitle "playchess.com"]
[Source "ChessBase"]
[SourceQuality "1"]
[TimeControl "40/5400+30:1800+30"]

1. e4 c5 2. Nf3 e6 3. g3 Nc6 4. Bg2 a6 5. O-O g6 (5... d6 $14 {was preferrable.}) 6. c3 Bg7 7. d4 cxd4 8. cxd4 {[%emt 0:00:00] White is slightly better.} d5 9. e5 Nge7 10. Nc3 O-O 11. Bf4 f6 12. exf6 Bxf6 13. Qd2 Nf5 14. Ne2 Bg7 15. Rac1 h6 (15... Bd7 $14) 16. h4 $16 Kh7 17. Rc3 Nd6 18. Qd3 {[%emt 0:01:00] Hoping for h5.} Ne4 19. Rcc1 Bd7 20. Rfe1 Kh8 21. Qe3 Kh7 22. Nc3 Nxc3 23. Rxc3 Rc8 24. Qd2 Qf6 25. Ne5 {[%emt 0:00:00] White is more active.} Nxe5 26. Bxe5 Qf5 (26... Qe7 $16 27. Bxg7 Qxg7) 27. Bxg7 ({White should play} 27. Rf3 $1 $18 Qc2 28. Qb4 Rxf3 29. Bxf3) 27... Kxg7 28. Bf1 Rxc3 29. bxc3 Bb5 (29... Qf6 $16 30. Re5 Qe7) 30. Re5 Qb1 31. Re1 (31. Qe1 {simplifies} Qxe1 32. Rxe1 Bxf1 33. Kxf1 Kf6 34. Rb1) 31... Qf5 {[%emt 0:00:00] White leaves nothing to chance now.} 32. Bxb5 axb5 $18 {[%emt 0:00:00][%mdl 4096] Endgame. [#] KQR-KQR} 33. Re5 $1 Qf7 {[%emt 0:00:00] [#]} 34. Qe2 $1 Re8 35. Qxb5 Rc8 36. Qe2 Rc6 37. Kg2 Qf6 38. Qb2 Qf7 39. Re3 Qe7 40. Qb5 Qc7 41. Qd3 h5 42. Qd2 Qe7 43. Qe1 Qd6 44. Qe2 Qe7 45. Rf3 Qd6 46. Qe3 Rc8 $2 (46... e5 47. dxe5 Qe7) 47. Qg5 Rf8 {[%emt 0:01:00] Dodges Rf6} 48. Rxf8 Qxf8 {[%emt 0:00:00] KQ-KQ} 49. Qe5+ Qf6 50. Qc7+ Qf7 51. Qxf7+ Kxf7 {[%emt 0:00:00] KP-KP} 52. Kf3 b5 53. Kf4 {[%emt 0:00:00] White mates.} Kf6 54. a3 Kf7 55. Kg5 Kg7 56. f3 Kf7 57. g4 hxg4 58. fxg4 Kg7 59. h5 gxh5 60. gxh5 {[%emt 0:00:00] Weighted Error Value: White=0.22 (precise) /Black=0.41.  Mistake:       	White=1     	Black=4      Inaccurate:     	White=2     	Black=3      OK:         	White=16    	Black=14     Best:        	White=2     	Black=1      Strong:       	White=2     	---} 1-0

[Event "Bangabandhu Premier Div League 2023-24"]
[Site "Dhaka"]
[Date "2024.02.07"]
[Round "7.5"]
[White "Nasim Hossain, Bhuiyan"]
[Black "Ikramul, Haq Siam"]
[Result "1-0"]
[ECO "D04"]
[WhiteElo "1812"]
[BlackElo "2036"]
[Annotator "NA RC"]
[PlyCount "111"]
[EventDate "2024.02.01"]
[EventCountry "BAN"]
[SourceTitle "playchess.com"]
[Source "ChessBase"]
[SourceQuality "1"]
[TimeControl "40/5400+30:1800+30"]

1. d4 Nf6 2. Nf3 d5 3. e3 g6 4. Bd3 Bg7 5. O-O O-O 6. b3 c5 {[%emt 0:00:26] D04: Colle System.} 7. Bb2 Nc6 8. Nbd2 cxd4 9. exd4 Nb4 10. Ne5 Nxd3 11. Nxd3 Bg4 12. Nf3 Rc8 13. Nde5 Bf5 14. c4 Ng4 15. Nxg4 Bxg4 16. c5 Qa5 17. a3 Qb5 18. Re1 Rfe8 19. h3 Bf5 20. a4 Qa5 21. Rc1 Qd8 22. b4 f6 23. b5 Kh8 24. Qb3 Qd7 25. a5 a6 26. bxa6 bxa6 27. Ba3 e5 28. dxe5 fxe5 29. Bb2 d4 30. Qc4 Rc6 31. Rcd1 Be6 32. Qe2 Rxc5 33. Ng5 Bc4 34. Qe4 Rb8 35. Qh4 Bf6 36. Bc1 Bg8 37. Qg3 Rb3 38. f3 Rxa5 39. Ne4 Bg7 40. Bg5 Rb2 41. Ra1 Raa2 42. Rxa2 Bxa2 (42... Rxa2 $17 43. Bf6 Qf5 44. Bxg7+ Kxg7) 43. Nf6 $1 Qf7 44. Qxe5 h6 (44... Rb1 $11 45. Rxb1 Bxb1) 45. Qe8+ ({Worse is} 45. Qxd4 hxg5 46. Qxb2 Bxf6 $15 (46... Qxf6 $2 {too greedy.} 47. Qxa2 Qc3 48. Qb1 $18)) 45... Bf8 46. Bxh6 Rb1 $18 47. Rxb1 (47. Qxf8+ $2 {loses.} Qxf8 48. Bxf8 Rxe1+ 49. Kf2 Rc1 $19) 47... Qxe8 48. Nxe8 Bxh6 49. Rb7 Bc4 $2 (49... Be3+ 50. Kh1 Kg8 51. Nf6+ Kf8) 50. Nf6 Be3+ 51. Kh2 Bg8 52. Kg3 Bg5 53. Nxg8 Kxg8 54. Rb6 Kf7 55. f4 Be7 56. Rxa6 1-0

[Event "Bangabandhu Premier Div League 2023-24"]
[Site "Dhaka"]
[Date "2024.02.07"]
[Round "7.6"]
[White "Mohammad Nubairshah Shaikh"]
[Black "Mrittika Mallick"]
[Result "1-0"]
[ECO "A11"]
[WhiteElo "2428"]
[BlackElo "1859"]
[Annotator "RC"]
[PlyCount "57"]
[EventDate "2024.02.01"]
[EventCountry "BAN"]
[SourceTitle "playchess.com"]
[Source "ChessBase"]
[SourceQuality "1"]
[TimeControl "40/5400+30:1800+30"]

1. Nf3 d5 2. g3 Nf6 3. Bg2 Bf5 4. c4 c6 5. Qb3 Qb6 6. d3 e6 7. Be3 Qb4+ 8. Nc3 a5 9. Nh4 Bg6 10. O-O a4 11. Qxb4 Bxb4 12. a3 Bxc3 13. Nxg6 hxg6 14. bxc3 dxc4 15. Rfb1 cxd3 16. exd3 Nd5 17. Bd4 b5 18. c4 bxc4 19. dxc4 Nf6 20. Bc5 Nbd7 21. Bd6 Ra6 22. Rb7 Kd8 23. Rd1 Rh5 24. f4 Rha5 25. Be5 Ke8 26. Bc3 Rc5 27. Bf1 g5 28. Bb4 gxf4 29. Bxc5 1-0